 Dungeon Crawl Stone Soup version 0.30-a0-458-g86641cc (webtiles) character file.

Game seed: 2773338415297995599

1822991 Ultraviolent4 the Heavyweight Champion (level 27, 312/312 HPs)
             Began as a Troll Berserker on Dec 11, 2022.
             Was a High Priest of Trog.
             Escaped with the Orb
             ... and 3 runes on Dec 14, 2022!
             The game lasted 03:49:37 (61505 turns).

Ultraviolent4 the Heavyweight Champion (TrBe)      Turns: 61505, Time: 03:49:38

Health: 312/312    AC: 26    Str: 37 (39) XL:     27
Magic:  22/22      EV: 12    Int:  3      God:    Trog [*****.]
Gold:   3949       SH: 34    Dex: 11 (13) Spells: 26/26 levels left

rFire   + . .      SeeInvis .      - Unarmed
rCold   + + +      Faith    .    o - +10 tower shield of Ignorance {rN+ Int-4}
rNeg    + + .      Spirit   .    n - +7 storm dragon scales
rPois   +          Reflect  +    (helmet restricted)
rElec   +          Harm     .    N - scarf {rC+ rF+}
rCorr   +          Rampage  .    (gloves unavailable)
Will    ++...      Clarity  +    (boots unavailable)
Stlth   ..........               a - amulet "Obikiube" {Reflect rPois Regen+ SH+5}
HPRegen 2.32/turn                k - ring of the Ten Thickets {Contam rN+ EV+4 Dex+4, =R}
MPRegen 0.18/turn                s - ring of Zihular {rC++ rCorr Slay+4}

@: studying 2 skills
A: large, unfitting armour, claws 3, regeneration 1, shaggy fur 1, tough skin 1,
talons 1, clarity
0: Orb of Zot
}: 3/15 runes: barnacled, silver, gossamer
a: Renounce Religion, Berserk, Trog's Hand, Brothers in Arms


You escaped.
You worshipped Trog.
Trog was extremely pleased with you.
You visited 10 branches of the dungeon, and saw 48 of its levels.
You visited the Abyss 1 time.
You also visited: Trove, Sewer, Ossuary, Bailey, Gauntlet, Wizlab and Desolation.

You collected 7303 gold pieces.
You spent 3354 gold pieces at shops.

Inventory:

Missiles
 e - 16 javelins
 F - 7 silver javelins
 K - 50 large rocks (quivered)
 Q - 4 throwing nets {!f}
 S - 34 boomerangs
Armour
 n - +7 storm dragon scales (worn)
   (You found it on level 4 of the Lair of Beasts)
 o - the +10 tower shield of Ignorance (worn) {rN+ Int-4}
   (You acquired it on level 1 of the Realm of Zot)

   Int:       It affects your intelligence (-4).
   rN:        It protects you from negative energy.
 w - quicksilver dragon scales
   (You found it on level 2 of the Realm of Zot)
 N - a scarf of resistance (worn)
   (You found it on level 4 of the Spider Nest)
 R - a +2 kite shield of resistance
   (You found it on level 3 of the Vaults)
Jewellery
 a - the amulet "Obikiube" (around neck) {Reflect rPois Regen+ SH+5}
   (You found it in the Desolation of Salt)

   [amulet of reflection]

   It reflects blocked missile attacks.
   rPois:     It protects you from poison.
   Regen:     It increases your rate of health regeneration.
   SH:        It affects your SH (+5).
 i - a ring of protection from fire
   (You bought it in a shop on level 1 of the Dungeon)
 k - the ring of the Ten Thickets (left claw) {Contam rN+ EV+4 Dex+4, =R}
   (You found it in a treasure trove)

   [ring of evasion]

   EV:        It affects your evasion (+4).
   Dex:       It affects your dexterity (+4).
   rN:        It protects you from negative energy.
   Contam:    It causes magical contamination when unequipped.
 q - the ring of Budigagi {rPois Will+ rCorr MP+9}
   (You found it in a treasure trove)

   [ring of magical power]

   rPois:     It protects you from poison.
   MP:        It affects your magic capacity (+9).
   rCorr:     It protects you from acid and corrosion.
   Will:      It increases your willpower.
 s - the ring of Zihular (right claw) {rC++ rCorr Slay+4}
   (You found it in a treasure trove)

   [ring of slaying]

   Slay:      It affects your accuracy & damage with ranged weapons and melee
   (+4).
   rC:        It greatly protects you from cold.
   rCorr:     It protects you from acid and corrosion.
 z - a ring of see invisible
   (You found it on level 2 of the Dungeon)
 T - a +6 ring of intelligence
   (You found it on level 10 of the Dungeon)
Wands
 d - a wand of iceblast (26)
   (You found it on level 4 of the Dungeon)
 v - a wand of digging (35)
   (You found it on level 6 of the Dungeon)
 H - a wand of quicksilver (14)
   (You found it on level 4 of the Lair of Beasts)
 M - a wand of charming (23)
   (You found it on level 12 of the Dungeon)
Scrolls
 b - 6 scrolls of magic mapping
 f - 2 scrolls of silence
 l - 7 scrolls of blinking
 u - 7 scrolls of immolation {!r}
 x - 12 scrolls of teleportation {@r4}
 y - 2 scrolls of fear
 D - 13 scrolls of poison {!r}
 I - 8 scrolls of fog
 L - 8 scrolls of vulnerability {!r}
Potions
 c - 6 potions of lignification {!q}
 g - 8 potions of mutation {!q}
 h - 4 potions of heal wounds {@q2}
 j - 30 potions of curing {@q1}
 p - 7 potions of flight
 r - 9 potions of attraction {!q}
 B - 6 potions of haste {@q3}
 C - 6 potions of ambrosia
 E - a potion of invisibility
 G - 4 potions of resistance
 J - 9 potions of might
 O - 3 potions of magic
 V - a potion of berserk rage
 Z - a potion of cancellation
Miscellaneous
 t - a phantom mirror
   (You found it on level 4 of the Shoals)
 P - a phial of floods
   (You found it on level 3 of the Lair of Beasts)
 U - a phantom mirror
   (You found it in a Gauntlet)
 W - a phantom mirror
   (You found it in a Gauntlet)


   Skills:
 * Level 24.5 Fighting
 - Level 18.0 Throwing
 + Level 17.4 Armour
 - Level 4.6 Dodging
 + Level 17.5 Shields
 O Level 27 Unarmed Combat


You had 26 spell levels left.
You didn't know any spells.
Your spell library was empty.

Dungeon Overview and Level Annotations

Branches:
Dungeon (15/15)            Temple (0/1) D:4            Lair (5/5) D:9
 Shoals (4/4) Lair:2       Spider (4/4) Lair:3        Slime (0/5) Lair:5
    Orc (2/2) D:9             Elf (3/3) Orc:2        Vaults (5/5) D:13
  Crypt (1/3) Vaults:2     Depths (4/4) D:15            Zot (5/5) Depths:4
  Sewer (visited)         Ossuary (visited)          Bailey (visited)
 WizLab (visited)         Desolation (visited)      Gauntlet (visited)

Altars:
Cheibriados
Dithmenos
Elyvilon
Gozag
Hepliaklqana
Nemelex Xobeh
Okawaru
Qazlal
Ru
Uskayaw
Wu Jian
Zin
Jiyva

Shops:
D:1 =   D:10 !*   D:14 *   D:15 :*:?   Orc:1 [   Orc:2 ([![?   Elf:2 *
Shoals:1 **   Vaults:2 [   Vaults:5 [

Portals:
Hell: Depths:1 Depths:2 Depths:3 Depths:4
Abyss: Depths:3
Pandemonium: Depths:1 Depths:2 Depths:4
Ziggurat: Depths:4

Annotations:
Spider:3 exclusion: downstairs
Elf:2 3 runed translucent doors
Vaults:2 2 transporters, Feqol's ghost, veteran DsFi
Depths:2 exclusion: downstairs
Depths:4 1 exclusion


Innate Abilities, Weirdness & Mutations

You are too large for most types of armour.
You have claws for hands.
Your natural rate of healing is unusually fast.
You are covered in fur. (AC +1)
You have tough skin. (AC +1)
You have sharp toenails.
You possess an exceptional clarity of mind.


Message History

The moth of wrath disappears in a puff of smoke! x2
You claw the white imp!
You kill the white imp!
The white imp dissolves into shadows!
You scratch the shadow demon.
You claw the shadow demon, but do no damage.
You eviscerate the shadow demon!!!!
You kill the shadow demon!
Trog accepts your kill.
The scorpion dissolves into shadows!
The adder dissolves into shadows!
No target in view!
(D) Dungeon (T) Temple (L) Lair (A) Shoals (N) Spider Nest (M) Slime Pits (O) Orcish Mines (E) Elven Halls (V) Vaults (C) Crypt (U) Depths (H) Hell (Z) Zot
Where to? (Enter - D:1 @ (x,y), ? - help)
There is a stone staircase leading up, spattered with blood here.
Items here: [[[[.
You climb upwards.
There is a stone staircase leading down here.
There is a stone staircase leading up here.
You climb upwards.
There is a stone staircase leading down here.
A rust devil comes into view.
The rust devil enters a dispersal trap!
You blink.
The rust devil blinks!
(D) Dungeon (T) Temple (L) Lair (A) Shoals (N) Spider Nest (M) Slime Pits (O) Orcish Mines (E) Elven Halls (V) Vaults (C) Crypt (U) Depths (H) Hell (Z) Zot
Where to? (Enter - D:1 @ (x,y), ? - help)
There is a stone staircase leading up here.
You climb upwards.
There is a stone staircase leading down here.
There is a stone staircase leading up here.
You climb upwards.
There is a stone staircase leading down here.
There is a stone staircase leading up here.
You climb upwards.
There is a stone staircase leading down here.
There is an open door here.
There is a staircase leading out of the dungeon here.
As you read the scroll of summoning, it crumbles to dust.
Wisps of shadow whirl around you...
Your ogre goes berserk!
Your iron troll goes berserk!
Your deep troll goes berserk!
You fail to use your ability.
Your two-headed ogre goes berserk!
Your deep troll rages.
Your ogre rages.
You have escaped!

....~~≈≈≈≈≈≈≈≈≈≈~~~~~..>...######
#....~≈≈≈≈≈≈≈≈≈≈≈≈≈≈≈~..##..#...#
#....~~≈≈≈≈≈≈≈≈≈≈≈≈≈≈~~.###...#8#
'.....~≈≈≈≈≈≈≈≈≈≈≈≈≈≈~~..##.###.#
#.....~~~~~~≈≈≈≈≈≈≈≈≈≈~~.##..8>∩.
#......~~~~~~≈#####≈≈≈~~.##.###.#
~~........~~~##...##≈≈≈~....##.8.
~~~~.........#.gOr.#≈≈~~~..##....
≈≈~~~........'.T@O.#≈≈≈~~..#.....
≈≈~~.....~~~.#.KrT.#≈≈≈~~.##.....
≈≈≈~~...~~~~~##...##≈≈~~..##.....
≈≈~~....~~~≈~~#####≈≈~~~.###.....
≈≈~~...~~~≈≈≈~≈≈≈≈≈≈≈≈~~.###.....
≈≈≈##'##~≈≈≈≈≈≈≈≈≈≈≈≈≈~~.........
≈≈##...##≈≈≈≈≈≈≈≈≈≈≈≈~~..####....
≈≈#.....#≈≈≈≈≈≈≈≈≈≈≈≈~~..........
≈≈#.....#≈≈≈≈≈≈≈≈≈~~~............


You could see a friendly iron troll (summoned, berserk), a friendly two-headed
ogre (summoned, berserk), a friendly deep troll (summoned, berserk), a friendly
ogre (summoned, berserk), a friendly hobgoblin (summoned), a friendly kobold
(summoned) and 2 friendly rats.

Vanquished Creatures
  3 dread liches
  3 orbs of fire
  6 ancient liches (Zot:5)
  2 juggernauts
  Boris (Depths:3)
  Sojobo (Vaults:3)
  4 Killer Klowns
  Vv (Depths:3)
  Margery (Vaults:2)
  A caustic shrike (Depths:3)
  3 curse toes
  12 golden dragons
  Arachne (Spider:2)
  A bone dragon (Abyss:2)
  A hellephant (Zot:2)
  5 electric golems
  7 liches
  17 Orb Guardians
  4 titans
  27 tentacled monstrosities
  2 deep elf master archers (Elf:3)
  A walking earthen tome (Depths:3)
  9 quicksilver dragons
  2 deep elf blademasters (Elf:3)
  4 sphinxes
  7 death cobs
  3 tentacled starspawn (Abyss:2)
  Agnes (D:15)
  12 tengu reavers
  The ghost of Cycwecw the Arsonist, an adept DrFE of Qazlal (Elf:2)
  23 storm dragons
  10 shadow dragons
  Ilsuiw (Shoals:3)
  2 iron dragons
  11 draconian monks
  11 vault wardens
  6 deep elf sorcerers
  8 frost giants
  12 fire giants
  6 draconian knights
  9 emperor scorpions
  3 balrugs
  8 ghost moths
  5 draconian scorchers
  A juggernaut zombie (Depths:2)
  A ghoul (Vaults:2)
  3 draconian shifters
  7 draconian stormcallers
  7 deep elf elementalists
  5 orc warlords
  A war gargoyle (Vaults:5)
  24 ironbound preservers
  A demonspawn corrupter (D:6)
  7 draconian annihilators
  8 spriggan defenders
  7 ironbound thunderhulks
  2 reapers
  2 broodmothers
  13 stone giants
  29 very ugly things
  A caustic shrike skeleton (Depths:1)
  9 black draconians
  A stone giant (shapeshifter) (Depths:3)
  2 elemental wellsprings (Shoals:1)
  5 deep elf demonologists
  16 green draconians
  3 vampire knights
  Azrael (Orc:2)
  An eleionoma (shapeshifter) (Vaults:5)
  11 deep elf annihilators
  28 dire elephants
  11 red draconians
  11 spark wasps
  A minotaur (Gauntlet)
  28 purple draconians
  11 white draconians
  A crystal guardian (Desolation)
  5 merfolk javelineers
  Snorg (D:13)
  13 deep elf death magi
  9 statues (WizLab)
  10 yellow draconians
  14 ettins
  5 deep elf high priests
  8 entropy weavers
  9 fire dragons
  7 merfolk impalers
  Erolcha (D:9)
  A great orb of eyes (shapeshifter) (Elf:3)
  28 vault guards
  5 rakshasas
  16 yaktaur captains
  8 ironbound frosthearts
  A hydra (Lair:5)
  6 great orbs of eyes
  The ghost of porkupine the Nimble, a journeyman GnHs of Uskayaw (D:11)
  4 ogre magi
  11 centaur warriors
  A peacekeeper (Vaults:3)
  5 merfolk aquamancers
  5 merfolk avatars (Shoals:4)
  5 spriggan air magi
  2 alligator snapping turtles
  2 radroaches
  2 catoblepae
  A death knight (Abyss:2)
  10 ice dragons
  4 satyrs
  A two-headed ogre (shapeshifter) (Elf:3)
  14 two-headed ogres
  15 dancing weapons
  10 deep troll shamans
  4 death yaks
  7 tengu warriors
  7 boulder beetles
  3 deep troll earth magi
  11 spriggan berserkers
  A soul eater (Crypt:1)
  3 vampire magi
  12 deep elf knights
  A sun demon (Depths:4)
  18 hell knights
  A fire crab (Lair:5)
  A sixfirhy (D:12)
  8 iron trolls
  2 wretched stars (Abyss:2)
  7 pharaoh ants
  17 sea snakes
  2 salamander mystics (Depths:4)
  2 storm dragon skeletons
  2 sun moths
  A golden dragon zombie (Depths:2)
  6 skeletal warriors
  64 deep trolls
  10 orb spiders
  5 steelbarb worms
  4 flayed ghosts
  8 deep elf archers
  A shadow demon (D:6)
  A glowing orange brain (shapeshifter) (Depths:3)
  A shadow dragon zombie (Depths:1)
  14 orc knights
  8 wizards
  5 phantasmal warriors
  5 glowing orange brains
  19 ironbound convokers
  A golden dragon skeleton (Depths:1)
  30 deep elf pyromancers
  13 necromancers
  29 deep elf zephyrmancers
  17 wolf spiders
  24 harpies
  17 lindwurms
  2 orc sorcerers
  An oklob plant (Lair:4)
  A will-o-the-wisp (Abyss:2)
  6 salamanders (Depths:4)
  46 ugly things
  A cyclops (shapeshifter) (Depths:1)
  An iron dragon zombie (Depths:2)
  A stone giant zombie (D:15)
  20 fauns
  11 merfolk sirens
  3 cyclopes
  3 fire giant skeletons
  15 manticores
  30 moths of wrath
  An elf zombie (Vaults:2)
  A stone giant skeleton (Vaults:2)
  Joseph (D:9)
  7 elephants
  8 smoke demons
  27 vault sentinels
  An eye of devastation (Gauntlet)
  A guardian serpent (shapeshifter) (D:15)
  2 molten gargoyles (Lair:5)
  11 black mambas
  A rime drake (Lair:5)
  10 cane toads
  5 torpor snails
  10 water nymphs
  An unseen horror (shapeshifter) (Elf:1)
  13 komodo dragons
  8 demonic crawlers
  An unseen horror (D:11)
  An ice devil (Zot:4)
  16 tengu conjurers
  3 kobold demonologists
  14 yaktaurs
  4 freezing wraiths
  A yaktaur (shapeshifter) (D:15)
  A spark wasp simulacrum (Depths:2)
  An anaconda simulacrum (Lair:2)
  2 hellwings (Zot:1)
  A tormentor (Zot:4)
  36 merfolk
  2 polar bears
  A spriggan skeleton (Depths:2)
  11 wind drakes
  6 trolls
  2 wolf spider simulacra (Lair:2)
  11 hornets
  12 meliai
  8 blink frogs (Lair:2)
  A hornet (shapeshifter) (Depths:2)
  16 tarantellas
  9 saltlings
  Prince Ribbit (Bailey)
  A raiju (Spider:3)
  23 slime creatures
  An ettin zombie (D:15)
  25 jumping spiders
  6 large abominations
  A spriggan zombie (Depths:1)
  15 snapping turtles
  Sigmund (D:5)
  3 air elementals
  5 flying skulls (Abyss:2)
  2 shadows
  A ynoxinul (D:10)
  11 spriggans
  25 culicivoras
  9 wyverns
  A vampire (D:5)
  3 fire bats (Depths:4)
  15 water elementals
  3 hogs
  4 wraiths
  4 humans (Bailey)
  66 yaks
  3 fire elementals
  4 steam dragons
  42 redbacks
  A golden eye (Gauntlet)
  4 basilisks
  10 small abominations
  A redback (shapeshifter) (Depths:1)
  An elf simulacrum (Vaults:2)
  16 vampire mosquitoes
  A human simulacrum (Vaults:2)
  2 acid dragons
  A tengu zombie (D:15)
  6 hell hounds
  A floating eye (Depths:3)
  7 water moccasins
  An ice beast (D:6)
  31 orc warriors
  A human skeleton (Depths:2)
  A sky beast (D:6)
  5 black bears
  7 ogres
  An ettin simulacrum (Vaults:2)
  The ghost of jagoly the Cudgeller, an amateur AtCK of Xom (D:4)
  6 wolves
  5 boggarts (Vaults:2)
  25 centaurs
  3 phantoms
  13 kobold brigands
  4 gnoll sergeants
  4 scorpions
  26 bullfrogs
  4 wights (D:8)
  5 earth elementals
  5 killer bees (D:9)
  3 electric eels
  A centaur zombie (D:4)
  5 lava snakes (Lair:5)
  14 starcursed masses (Abyss:2)
  A bullfrog zombie (D:4)
  8 jellies
  11 hounds
  A bullfrog skeleton (D:4)
  11 orc priests
  4 gnoll boudas
  A water moccasin simulacrum (Lair:2)
  4 hell rats (Lair:3)
  2 iguanas
  Natasha (thrice) (D:3)
  10 orc wizards
  4 polar bear simulacra (Lair:3)
  3 yak simulacra
  2 wolf simulacra (Lair:3)
  12 mummies (Ossuary)
  44 gnolls
  15 adders
  A river rat (Sewer)
  4 white imps
  An ufetubus (D:5)
  6 worms
  2 dart slugs
  56 orcs
  11 ball pythons
  A bat (D:1)
  11 endoplasms
  3 giant cockroaches
  6 goblins
  11 hobgoblins
  6 jackals
  29 kobolds
  2 quokkas
  7 frilled lizards
  A gnoll skeleton (Ossuary)
  4 goblin skeletons
  A kobold skeleton (Ossuary)
  3 orc skeletons (Ossuary)
  A quokka zombie (D:5)
  10 rats
  11 rat skeletons (Ossuary)
  A rat zombie (D:5)
  3 river rat simulacra (Lair:3)
  9 butterflies (Vaults:3)
  2 starspawn tentacles (Abyss:2)
2394 creatures vanquished.

Vanquished Creatures (collateral kills)
  An ancient lich (Zot:5)
  2 Killer Klowns
  Jory (Vaults:3)
  2 golden dragons (Zot:5)
  11 Orb Guardians (Zot:5)
  A death cob (Zot:5)
  Kirke (D:14)
  2 tengu reavers (Vaults:3)
  A draconian monk (Zot:2)
  2 imperial myrmidons (Desolation)
  A very ugly thing (Depths:3)
  A merfolk impaler (Shoals:3)
  Harold (Lair:1)
  A servant of whispers (Desolation)
  A peacekeeper (Desolation)
  3 hydras
  A radroach (Spider:2)
  A jorogumo (Spider:2)
  An ironbound frostheart (Vaults:3)
  A two-headed ogre (D:10)
  2 ironbound convokers
  2 harpies (Shoals:3)
  3 wolf spiders (Spider:2)
  3 manticores (Shoals:3)
  A vault sentinel (Vaults:3)
  2 merfolk sirens (Shoals:3)
  A cane toad (Lair:5)
  A demonic crawler (Spider:2)
  A komodo dragon (Lair:1)
  A hornet (D:9)
  A polar bear (Lair:5)
  A tarantella (Spider:2)
  3 merfolk (Shoals:3)
  4 saltlings (Desolation)
  A wyvern (Lair:5)
  2 hogs (D:14)
  2 yaks (Lair:5)
  2 wolves (Lair:1)
  An orc priest (D:9)
  An orc wizard (D:10)
  A bullfrog simulacrum (Lair:2)
  An orc (D:10)
  2 kobolds (D:10)
75 creatures vanquished.

Vanquished Creatures (others)
  A fire giant (Depths:2)
  A draconian annihilator (Zot:1)
  A deep elf zephyrmancer (Elf:2)
  A wolf spider (Spider:4)
  A molten gargoyle (Desolation)
  A neqoxec (Abyss:2)
  A redback (Spider:4)
  A boggart (Vaults:2)
  2 bushes (Abyss:2)
  11 demonic plants (Abyss:2)
  13 fungi
  63 plants
  7 starspawn tentacles (Abyss:2)
  5 withered plants (D:15)
109 creatures vanquished.

Grand Total: 2578 creatures vanquished

Notes
Turn   | Place    | Note
-------+----------+-------------------------------------------
     0 | D:1      | Ultraviolent4 the Troll Berserker began the quest for the
                  | Orb.
     0 | D:1      | Reached XP level 1. HP: 22/22 MP: 0/0
   100 | D:1      | Reached XP level 2. HP: 27/29 MP: 1/1
   233 | D:1      | Found Como's Jewellery Emporium.
   499 | D:2      | Reached ** piety under Trog
   616 | D:2      | Reached XP level 3. HP: 33/36 MP: 2/2
   768 | D:2      | Found a faded altar of an unknown god.
   823 | D:2      | Reached skill level 4 in Unarmed Combat
   937 | D:2      | Found a shadowy altar of Dithmenos.
  1210 | D:3      | Reached XP level 4. HP: 45/45 MP: 3/3
  1217 | D:3      | Noticed Natasha
  1222 | D:3      | Killed Natasha
  1223 | D:3      | Reached skill level 1 in Throwing
  1243 | D:3      | Noticed Natasha
  1250 | D:3      | Killed Natasha
  1372 | D:3      | Noticed Natasha
  1378 | D:3      | Killed Natasha
  1379 | D:3      | Reached XP level 5. HP: 41/53 MP: 4/4
  1429 | D:3      | Reached skill level 5 in Unarmed Combat
  2105 | D:4      | Reached *** piety under Trog
  2128 | D:4      | Found a glowing drain.
  2132 | Sewer    | Entered a sewer
  2187 | Sewer    | Reached XP level 6. HP: 61/61 MP: 5/5
  2248 | Sewer    | Found a viscous altar of Jiyva.
  2344 | Sewer    | Identified the +7 dagger of Puwnaf {vorpal, rPois rCorr}
  2352 | Sewer    | Reached XP level 7. HP: 88/88 MP: 6/6
  2471 | D:4      | Reached skill level 6 in Unarmed Combat
  2472 | D:4      | Reached **** piety under Trog
  2530 | D:4      | Found a staircase to the Ecumenical Temple.
  2666 | D:4      | Found a transporter.
  2670 | D:4      | Noticed jagoly's ghost (amateur AtCK)
  2708 | D:4      | Found a transporter.
  2984 | D:4      | Reached XP level 8. HP: 95/97 MP: 7/7
  2992 | D:4      | Killed jagoly's ghost
  3035 | D:5      | Entered Level 5 of the Dungeon
  3072 | D:5      | Found a sand-covered staircase.
  3089 | Ossuary  | Entered an ossuary
  3482 | D:5      | Reached ***** piety under Trog
  3787 | D:5      | Noticed Sigmund
  3796 | D:5      | Killed Sigmund
  3799 | D:5      | Reached XP level 9. HP: 94/105 MP: 8/8
  3882 | D:6      | Reached skill level 7 in Unarmed Combat
  4394 | D:6      | Found an opulent altar of Gozag.
  4432 | D:6      | Found a glowing silver altar of Zin.
  4868 | D:7      | Found a hide-covered altar of Uskayaw.
  4873 | D:7      | Found a snail-covered altar of Cheibriados.
  4873 | D:7      | Found an ornate altar of the Wu Jian Council.
  4886 | D:7      | Found an iron altar of Okawaru.
  4889 | D:7      | Found a stormy altar of Qazlal.
  4992 | D:7      | Found a shadowy altar of Dithmenos.
  5100 | D:7      | Found a hazy altar of Hepliaklqana.
  5147 | D:8      | Reached skill level 8 in Unarmed Combat
  5192 | D:8      | Received a gift from Trog
  5216 | D:8      | Found a flagged portal.
  5227 | D:8      | Reached XP level 10. HP: 96/114 MP: 7/9
  5236 | Bailey   | Entered a bailey
  5336 | Bailey   | Reached skill level 9 in Unarmed Combat
  5409 | Bailey   | Reached skill level 5 in Throwing
  5457 | Bailey   | Noticed Prince Ribbit
  5457 | Bailey   | Noticed a vault guard
  5470 | Bailey   | Killed a vault guard
  5474 | Bailey   | Killed Prince Ribbit
  5520 | Bailey   | Noticed a vault guard
  5532 | Bailey   | Killed a vault guard
  6412 | D:8      | Reached skill level 10 in Unarmed Combat
  6418 | D:8      | Reached XP level 11. HP: 123/123 MP: 7/10
  6547 | D:9      | Found a staircase to the Lair.
  6789 | D:9      | Reached skill level 11 in Unarmed Combat
  6851 | D:9      | Noticed Erolcha
  6863 | D:9      | Killed Erolcha
  6933 | D:9      | Noticed a red ugly thing
  6943 | D:9      | Killed a red ugly thing
  7062 | D:9      | Noticed a two-headed ogre
  7067 | D:9      | Killed a two-headed ogre
  7162 | D:9      | Noticed a boulder beetle
  7169 | D:9      | Killed a boulder beetle
  7248 | D:9      | Reached skill level 12 in Unarmed Combat
  7447 | D:9      | Noticed Joseph
  7461 | D:9      | Killed Joseph
  7462 | D:9      | Reached XP level 12. HP: 133/133 MP: 9/11
  7619 | D:9      | Found a staircase to the Orcish Mines.
  7928 | D:10     | Entered Level 10 of the Dungeon
  8073 | D:10     | Found Gaohetz's Distillery.
  8079 | D:10     | Noticed a two-headed ogre
  8118 | D:10     | Killed a two-headed ogre
  8222 | D:10     | Found Wihifu's Assorted Antiques.
  8224 | D:10     | Found a sparkling altar of Nemelex Xobeh.
  8374 | D:10     | Noticed a two-headed ogre
  8380 | D:10     | Killed a two-headed ogre
  8395 | D:10     | Found a sacrificial altar of Ru.
  8825 | D:11     | Found a runed translucent gate.
  8825 | D:11     | Found a runed translucent gate.
  8825 | D:11     | Found a runed translucent gate.
  8826 | D:11     | Noticed porkupine's ghost (journeyman GnHs)
  8907 | D:11     | Reached skill level 13 in Unarmed Combat
  9168 | D:11     | Found a snail-covered altar of Cheibriados.
  9367 | Lair:1   | Entered Level 1 of the Lair of Beasts
  9367 | Lair:1   | Noticed Harold
  9375 | Lair:1   | Killed Harold
 10138 | Lair:2   | Reached XP level 13. HP: 99/144 MP: 9/12
 10209 | Lair:2   | Reached skill level 14 in Unarmed Combat
 10305 | Lair:1   | Received a gift from Trog
 10478 | Lair:2   | Found a transporter.
 10777 | Lair:2   | Found a transporter.
 11081 | Lair:2   | Found a staircase to the Shoals.
 11582 | Lair:3   | Identified a scroll of acquirement
 11583 | Lair:3   | Acquired the +1 cloak of Fobypnit {Rampage}
 11959 | Lair:3   | Upgraded the game from 0.30-a0-445-g92f4fb2 to
                  | 0.30-a0-457-g4b7bca3
 12213 | Lair:3   | Found a hole to the Spider Nest.
 12799 | Lair:4   | Found a gate leading to a gauntlet.
 12810 | Gauntlet | Entered a Gauntlet
 12810 | Gauntlet | Found a transporter.
 12810 | Gauntlet | Found a transporter.
 12828 | Gauntlet | Found a transporter.
 12832 | Gauntlet | Found a transporter.
 12840 | Gauntlet | Found a transporter.
 12844 | Gauntlet | Found a transporter.
 12852 | Gauntlet | Found a transporter.
 12868 | Gauntlet | Found a transporter.
 12882 | Gauntlet | Found a transporter.
 12886 | Gauntlet | Found a transporter.
 12894 | Gauntlet | Found a transporter.
 12898 | Gauntlet | Found a transporter.
 12943 | Gauntlet | Reached skill level 15 in Unarmed Combat
 13063 | Gauntlet | Identified the amulet "Porocut" {Spirit -Cast *Slow Dex+6}
 13103 | Gauntlet | Found the +3 pair of mountain boots {steadfast, rC+}
 13103 | Gauntlet | Noticed a minotaur
 13114 | Gauntlet | Killed a minotaur
 13120 | Gauntlet | Identified the +1 ring mail of Cocytus {rCorr}
 13597 | Lair:4   | Reached skill level 1 in Armour
 13873 | Lair:5   | Entered Level 5 of the Lair of Beasts
 13959 | Lair:5   | Received a gift from Trog
 14012 | Lair:5   | Found a viscous altar of Jiyva.
 14012 | Lair:5   | Found a staircase to the Slime Pits.
 14072 | Lair:5   | Reached skill level 10 in Throwing
 14098 | Lair:5   | Reached XP level 14. HP: 154/154 MP: 13/13
 14444 | Lair:5   | Reached skill level 16 in Unarmed Combat
 15076 | Lair:5   | Found a large runed translucent door.
 15076 | Lair:5   | Found a large runed translucent door.
 15571 | D:1      | Bought a ring of protection from fire for 275 gold pieces
 17493 | D:13     | Reached skill level 17 in Unarmed Combat
 17658 | D:13     | Reached XP level 15. HP: 152/165 MP: 12/14
 17680 | D:13     | Noticed Snorg
 17689 | D:13     | Killed Snorg
 18085 | D:13     | Found a gate to the Vaults.
 18421 | Orc:1    | Entered Level 1 of the Orcish Mines
 18589 | Orc:1    | Found Loesif's Antique Armour Shoppe.
 18888 | Orc:2    | Entered Level 2 of the Orcish Mines
 18984 | Orc:2    | Found Fetexzoj's Antique Weapon Boutique.
 19069 | Orc:2    | Noticed Azrael
 19081 | Orc:2    | Killed Azrael
 19082 | Orc:2    | Reached skill level 5 in Armour
 19141 | Orc:2    | Found a staircase to the Elven Halls.
 19645 | Orc:2    | Found Ywuf's Antique Armour Shoppe.
 19645 | Orc:2    | Found Caarr's Distillery.
 19647 | Orc:2    | Found Tadub's Antique Armour Boutique.
 19649 | Orc:2    | Found Zinel's Magic Scroll Emporium.
 19656 | Orc:2    | Bought a shimmering cloak for 332 gold pieces
 19656 | Orc:2    | Identified the +0 cloak of Gestures {-Cast +Inv Regen+}
                  | (You bought it in a shop on level 2 of the Orcish Mines)
 19662 | Orc:2    | Bought a scroll of teleportation for 39 gold pieces
 19662 | Orc:2    | Bought a scroll of teleportation for 39 gold pieces
 19662 | Orc:2    | Bought a scroll of blinking for 97 gold pieces
 19662 | Orc:2    | Bought a scroll of blinking for 97 gold pieces
 19662 | Orc:2    | Bought a scroll of fog for 52 gold pieces
 20173 | D:14     | Found Odeid's Demolitions Depot.
 20184 | D:14     | You fall into a shaft and drop 1 floor!
 20184 | D:15     | Entered Level 15 of the Dungeon
 20274 | D:15     | Noticed Agnes
 20282 | D:15     | Killed Agnes
 20965 | D:14     | Reached skill level 18 in Unarmed Combat
 20997 | D:14     | Noticed Kirke
 21053 | D:14     | Killed Kirke
 21618 | D:15     | Reached skill level 15 in Fighting
 21762 | D:15     | Identified the +7 lajatang "Agoehig" {pain, *Corrode rN+
                  | Dex+3}
 21851 | D:15     | Received a gift from Trog
 21861 | D:15     | Found a staircase to the Depths.
 21928 | D:15     | Found Joev's Magic Scroll Shoppe.
 21928 | D:15     | Found Racoamets's Book Shoppe.
 21933 | D:15     | Found Laosm's Book Shoppe.
 21933 | D:15     | Found Dyutar's Assorted Antiques.
 21952 | D:15     | Bought a scroll of blinking for 165 gold pieces
 22512 | Elf:1    | Entered Level 1 of the Elven Halls
 22535 | Elf:1    | Reached XP level 16. HP: 154/176 MP: 15/15
 22595 | Elf:1    | Found a crumbling gateway.
 22617 | Desolati | Entered the Desolation of Salt
 22673 | Desolati | Identified the ring "Nygassoc" {Contam rN+ Will+ EV+4
                  | Int+4}
 22732 | Desolati | Identified the amulet "Obikiube" {Reflect rPois Regen+
                  | SH+5}
 22748 | Desolati | Identified the ring "Baqiudeu" {Fire rPois Int+2}
 23212 | Elf:1    | Reached skill level 19 in Unarmed Combat
 23995 | Elf:2    | Identified the +9 giant club "Juosojor" {vorpal, rN++ Int-2
                  | Dex+7} (Trog gifted it to you on level 2 of the Elven
                  | Halls)
 23995 | Elf:2    | Received a gift from Trog
 23996 | Elf:2    | Noticed Cycwecw's ghost (adept DrFE)
 24201 | Elf:2    | Found a runed translucent door.
 24409 | Elf:2    | Found Hirulaj's Elven Fire.
 24440 | Elf:2    | Paralysed by an air elemental for 1 turns
 24444 | Elf:2    | Paralysed by an air elemental for 1 turns
 24457 | Elf:2    | Paralysed by an air elemental for 1 turns
 24543 | Elf:2    | Found a runed translucent gate.
 24543 | Elf:2    | Found a runed translucent gate.
 24543 | Elf:2    | Found a runed translucent gate.
 24570 | Elf:2    | Reached skill level 20 in Unarmed Combat
 24570 | Elf:2    | Reached XP level 17. HP: 187/187 MP: 16/16
 24963 | Elf:2    | Killed Cycwecw's ghost
 25093 | Elf:3    | Entered Level 3 of the Elven Halls
 25095 | Elf:3    | Upgraded the game from 0.30-a0-457-g4b7bca3 to
                  | 0.30-a0-458-g86641cc
 25204 | Elf:3    | Identified the +9 morningstar "Tauzaq" {antimagic, rN+}
                  | (Trog gifted it to you on level 3 of the Elven Halls)
 25204 | Elf:3    | Received a gift from Trog
 25868 | Elf:3    | Noticed a deep elf blademaster
 25870 | Elf:3    | Noticed a deep elf blademaster
 25881 | Elf:3    | Killed a deep elf blademaster
 25887 | Elf:3    | Killed a deep elf blademaster
 26249 | Elf:3    | Noticed a deep elf master archer
 26440 | Elf:3    | Killed a deep elf master archer
 26603 | Elf:3    | Noticed a deep elf master archer
 26614 | Elf:3    | Noticed a Hell Sentinel
 26615 | Elf:3    | Killed a deep elf master archer
 26732 | Elf:3    | Identified the +0 short sword "Xoorgheb" {spect, Drain MP+9
                  | Str+4}
 26811 | Elf:3    | Reached skill level 21 in Unarmed Combat
 26826 | Elf:3    | Received a gift from Trog
 26945 | Elf:3    | Identified the amulet "Kunwus" {Will- Regen+ Int+4 Stlth+}
 27347 | Spider:1 | Entered Level 1 of the Spider Nest
 28282 | Spider:1 | Reached XP level 18. HP: 198/198 MP: 17/17
 28381 | Spider:2 | Received a gift from Trog
 28386 | Spider:2 | Paralysed by a jorogumo for 3 turns
 28813 | Spider:2 | Reached skill level 10 in Armour
 28836 | Spider:2 | Noticed Arachne
 28875 | Spider:2 | Killed Arachne
 28949 | Spider:2 | Received a gift from Trog
 29472 | Spider:3 | Identified the +4 scimitar of the Intense God {vorpal,
                  | rPois}
 29572 | Spider:3 | Identified the +8 plate armour of Hufuom {*Slow rPois
                  | Regen+ Int+4}
 29743 | Spider:3 | Identified the +1 robe of Gravitas {rN+}
 29763 | Spider:3 | Reached skill level 22 in Unarmed Combat
 29985 | Spider:4 | Entered Level 4 of the Spider Nest
 31503 | Spider:4 | Reached XP level 19. HP: 209/209 MP: 18/18
 31510 | Spider:4 | Got a gossamer rune of Zot
 31519 | Spider:4 | Identified the +0 pair of gloves of Restlessness {Harm
                  | Str+3}
 31770 | Shoals:1 | Entered Level 1 of the Shoals
 31816 | Shoals:1 | Received a gift from Trog
 32079 | Shoals:1 | Reached XP level 20. HP: 218/218 MP: 19/19
 32138 | Shoals:1 | Reached ****** piety under Trog
 32256 | Shoals:1 | Found Bedun's Specific Store.
 32260 | Shoals:1 | Found Foijag's General Store.
 32290 | Shoals:1 | Bought a scroll of blinking for 120 gold pieces
 32830 | Shoals:2 | Identified the +1 scale mail "Fazonaly" {Harm rC+}
 32930 | Shoals:2 | Identified the +1 scale mail of Weirdness {*Corrode rF+
                  | SInv}
 33139 | Shoals:2 | Received a gift from Trog
 33634 | Shoals:3 | Noticed Ilsuiw
 33656 | Shoals:3 | Identified the +2 chain mail of the Arena {Will+ Str+7
                  | Int-2}
 33660 | Shoals:3 | Killed Ilsuiw
 33677 | Shoals:3 | Reached skill level 23 in Unarmed Combat
 33782 | Shoals:3 | Received a gift from Trog
 34293 | Shoals:4 | Entered Level 4 of the Shoals
 34439 | Shoals:4 | Got a barnacled rune of Zot
 34598 | Shoals:4 | Received a gift from Trog
 34817 | Shoals:4 | Identified the +7 falchion of Distant Shores {elec, rF++
                  | Will+ Str+3}
 35610 | D:15     | Bought a manual of Throwing for 1280 gold pieces
 35707 | Vaults:1 | Entered Level 1 of the Vaults
 36132 | Vaults:1 | Reached XP level 21. HP: 226/231 MP: 20/20
 36658 | Vaults:1 | Found a portal to a secret trove of treasure.
 37941 | D:15     | Bought a scroll of enchant weapon for 135 gold pieces
 37942 | D:15     | Bought a scroll of teleportation for 54 gold pieces
 37946 | D:15     | Bought a scroll of enchant weapon for 165 gold pieces
 38108 | Vaults:1 | You paid a toll of a +7 demon trident to enter a treasure
                  | trove
 38109 | Trove    | Entered a treasure trove
 38113 | Trove    | Identified the ring "Onkekhyt" {Fire Int+2 SInv}
 38116 | Trove    | Identified the amulet of Zueqomef {RegenMP Rampage rC++
                  | MP-9}
 38122 | Trove    | Identified the ring of the Ten Thickets {Contam rN+ EV+4
                  | Dex+4}
 38124 | Trove    | Identified the ring of Zihular {rC++ rCorr Slay+4}
 38130 | Trove    | Identified the ring "Offeliwe" {Ice rCorr MP+9 Str-3}
 38138 | Trove    | Identified the ring of Budigagi {rPois Will+ rCorr MP+9}
 38140 | Trove    | Identified the ring of Axtaiwyn {Ice rPois Slay+3}
 38367 | Vaults:1 | Received a gift from Trog
 39217 | Vaults:2 | Noticed Feqol's ghost (veteran DsFi)
 39218 | Vaults:2 | Found a transporter.
 39223 | Vaults:2 | Found a transporter.
 39299 | Vaults:2 | Noticed Margery
 39305 | Vaults:2 | Killed Margery
 39401 | Vaults:2 | Found a staircase to the Crypt.
 39470 | Vaults:2 | Received a gift from Trog
 39471 | Vaults:2 | Reached skill level 15 in Throwing
 39792 | Vaults:2 | Found Lupib's Armour Emporium.
 39928 | Vaults:2 | Reached skill level 24 in Unarmed Combat
 40295 | Abyss:2  | Cast into level 2 of the Abyss (a wizard)
 40372 | Abyss:2  | Received a gift from Trog
 40443 | Abyss:2  | Reached XP level 22. HP: 241/241 MP: 21/21
 40605 | Vaults:3 | Escaped the Abyss
 40887 | Vaults:3 | Found a huge runed gate.
 40887 | Vaults:3 | Found a huge runed gate.
 40887 | Vaults:3 | Found a huge runed gate.
 40887 | Vaults:3 | Found a huge runed gate.
 40887 | Vaults:3 | Found a huge runed gate.
 40887 | Vaults:3 | Found a huge runed gate.
 40887 | Vaults:3 | Found a huge runed gate.
 40887 | Vaults:3 | Found a huge runed gate.
 40895 | Vaults:3 | Found a huge runed gate.
 40895 | Vaults:3 | Found a huge runed gate.
 40971 | Vaults:3 | Found a huge runed gate.
 40971 | Vaults:3 | Found a huge runed gate.
 40971 | Vaults:3 | Found a huge runed gate.
 40971 | Vaults:3 | Found a huge runed gate.
 40971 | Vaults:3 | Found a huge runed gate.
 40971 | Vaults:3 | Found a huge runed gate.
 40971 | Vaults:3 | Found a huge runed gate.
 40973 | Vaults:3 | Found a huge runed gate.
 40974 | Vaults:3 | Found a huge runed gate.
 41037 | Vaults:3 | Found a huge runed gate.
 41037 | Vaults:3 | Found a huge runed gate.
 41037 | Vaults:3 | Found a huge runed gate.
 41037 | Vaults:3 | Found a huge runed gate.
 41037 | Vaults:3 | Found a huge runed gate.
 41037 | Vaults:3 | Found a huge runed gate.
 41038 | Vaults:3 | Found a huge runed gate.
 41039 | Vaults:3 | Found a huge runed gate.
 41042 | Vaults:3 | Found a huge runed gate.
 41050 | Vaults:3 | Found a huge runed gate.
 41050 | Vaults:3 | Found a huge runed gate.
 41050 | Vaults:3 | Found a huge runed gate.
 41050 | Vaults:3 | Found a huge runed gate.
 41050 | Vaults:3 | Found a huge runed gate.
 41050 | Vaults:3 | Found a huge runed gate.
 41051 | Vaults:3 | Found a huge runed gate.
 41052 | Vaults:3 | Found a huge runed gate.
 41456 | Vaults:3 | Noticed Sojobo
 41465 | Vaults:3 | Received a gift from Trog
 41481 | Vaults:3 | Killed Sojobo
 41482 | Vaults:3 | Reached skill level 1 in Shields
 41483 | Vaults:3 | Noticed Jory
 41542 | Vaults:3 | Killed Jory
 42398 | Vaults:4 | Identified the +9 trident of Nightmares {vorpal, rElec}
                  | (Trog gifted it to you on level 4 of the Vaults)
 42398 | Vaults:4 | Received a gift from Trog
 42597 | Vaults:4 | Identified the +5 shortbow of Blood-Lust {freeze, rElec
                  | Str+4}
 42735 | Vaults:4 | Reached skill level 5 in Shields
 43810 | D:10     | Bought a scroll of teleportation for 84 gold pieces
 43810 | D:10     | Bought a potion of heal wounds for 140 gold pieces
 43823 | D:10     | Bought a potion of might for 40 gold pieces
 43823 | D:10     | Bought a potion of might for 40 gold pieces
 43823 | D:10     | Bought a potion of haste for 100 gold pieces
 43823 | D:10     | Bought a potion of haste for 100 gold pieces
 43911 | D:11     | Killed porkupine's ghost
 44077 | Depths:1 | Entered Level 1 of the Depths
 44362 | Depths:1 | Identified the +0 giant club of Abbercheu {vorpal, *Slow
                  | Fly rElec rCorr} (Trog gifted it to you on level 1 of the
                  | Depths)
 44362 | Depths:1 | Received a gift from Trog
 44404 | Depths:1 | Reached XP level 23. HP: 249/252 MP: 22/22
 44711 | Depths:1 | Found a one-way gate leading to the halls of Pandemonium.
 45031 | Depths:1 | Found a gateway to Hell.
 45384 | Depths:2 | Identified the +4 robe of the Doldrums {Fly rElec Dex+3}
 45460 | Depths:2 | Received a gift from Trog
 45622 | Depths:2 | Reached skill level 25 in Unarmed Combat
 46603 | Depths:2 | Found a sacrificial altar of Ru.
 46794 | Depths:3 | Noticed Vv
 46934 | Depths:3 | Received a gift from Trog
 47028 | Depths:3 | Found a white marble altar of Elyvilon.
 47035 | Depths:3 | Reached skill level 10 in Shields
 47156 | Depths:3 | Found a one-way gate to the infinite horrors of the Abyss.
 47184 | Depths:3 | Noticed Boris
 47210 | Depths:3 | Killed Boris
 47329 | Depths:3 | Killed Vv
 47505 | Depths:3 | Reached XP level 24. HP: 238/265 MP: 22/22
 47760 | Depths:3 | Noticed a juggernaut
 47923 | Depths:3 | Identified the +9 scimitar of Disaster {vorpal, rC- rCorr
                  | SInv Stlth+} (Trog gifted it to you on level 3 of the
                  | Depths)
 47923 | Depths:3 | Received a gift from Trog
 48312 | Depths:3 | Killed a juggernaut
 48338 | Depths:3 | Identified the +0 scale mail of the Beginning {rC++}
 48435 | Depths:4 | Entered Level 4 of the Depths
 48492 | Depths:4 | Found a magical portal.
 48501 | WizLab   | Entered Iskenderun's Mystic Tower
 48813 | WizLab   | Received a gift from Trog
 49219 | Depths:4 | Noticed a juggernaut
 49230 | Depths:4 | Killed a juggernaut
 49926 | Depths:4 | Found a one-way gateway to a ziggurat.
 50279 | Depths:4 | Reached skill level 26 in Unarmed Combat
 50340 | Depths:4 | Found a gate to the Realm of Zot.
 50679 | Vaults:5 | Entered Level 5 of the Vaults
 50836 | Vaults:5 | Reached XP level 25. HP: 276/276 MP: 22/22
 50867 | Vaults:5 | Noticed a dread lich
 50874 | Vaults:5 | Killed a dread lich
 50874 | Vaults:5 | Received a gift from Trog
 51040 | Vaults:5 | Paralysed by a great orb of eyes for 4 turns
 51121 | Vaults:5 | Reached skill level 15 in Shields
 51409 | Vaults:5 | Identified the +11 morningstar "Keaditor" {vorpal, MP+9}
 51610 | Vaults:5 | Received a gift from Trog
 51929 | Vaults:5 | Got a silver rune of Zot
 52023 | Vaults:5 | Found Dame's Armour Shop.
 52104 | Vaults:5 | Identified the ring of Fuudur Dach {Ice Will+}
 52136 | Vaults:5 | Identified the +2 flail of the Sharing Ancients {spect,
                  | rElec}
 52273 | Vaults:5 | Found the +3 giant club "Skullcrusher" {speed, Str+7}
 52288 | Vaults:5 | Identified the +2 plate armour "Puilosem" {Int+4}
 52347 | Vaults:5 | Identified the +1 robe of the Sparrow {Int+3 Dex+3}
 52679 | Crypt:1  | Entered Level 1 of the Crypt
 53052 | Zot:1    | Entered Level 1 of the Realm of Zot
 53111 | Zot:1    | Noticed an orb of fire
 53120 | Zot:1    | Gained mutation: You are weak. (Str -2) [an orb of fire]
 53123 | Zot:1    | Killed an orb of fire
 53134 | Zot:1    | Received a gift from Trog
 53210 | Zot:1    | Reached skill level 15 in Armour
 53239 | Zot:1    | Reached skill level 27 in Unarmed Combat
 53241 | Zot:1    | Noticed a Killer Klown
 53243 | Zot:1    | Noticed a Killer Klown
 53252 | Zot:1    | Killed a Killer Klown
 53287 | Zot:1    | Killed a Killer Klown
 53431 | Zot:1    | Acquired the +10 tower shield of Ignorance {rN+ Int-4}
 53431 | Zot:1    | Found the +10 tower shield of Ignorance {rN+ Int-4}
 54273 | Zot:1    | Reached XP level 26. HP: 107/291 MP: 22/22
 54454 | Zot:1    | Received a gift from Trog
 56890 | Zot:3    | Identified the +2 chain mail "Xape Jig" {Harm rC- rCorr
                  | Slay+4}
 57128 | Zot:3    | Identified the +8 scimitar of Raecre {vorpal, *Corrode
                  | rC+++ rN++ SInv} (Trog gifted it to you on level 3 of the
                  | Realm of Zot)
 57128 | Zot:3    | Received a gift from Trog
 58647 | Zot:4    | Identified the +1 cloak of Analysis {MP+9}
 59122 | Zot:5    | Entered Level 5 of the Realm of Zot
 59625 | Zot:5    | Reached XP level 27. HP: 306/306 MP: 22/22
 59684 | Zot:5    | Noticed an ancient lich
 59698 | Zot:5    | Killed an ancient lich
 59745 | Zot:5    | Noticed an orb of fire
 59755 | Zot:5    | Killed an orb of fire
 59757 | Zot:5    | Noticed an ancient lich
 59765 | Zot:5    | Killed an ancient lich
 59862 | Zot:5    | Noticed an ancient lich
 59870 | Zot:5    | Killed an ancient lich
 60169 | Zot:5    | Noticed an ancient lich
 60172 | Zot:5    | Killed an ancient lich
 60201 | Zot:5    | Noticed an orb of fire
 60201 | Zot:5    | Noticed a dread lich
 60219 | Zot:5    | Noticed a dread lich
 60236 | Zot:5    | Killed a dread lich
 60263 | Zot:5    | Noticed an ancient lich
 60269 | Zot:5    | Killed an ancient lich
 60315 | Zot:5    | Killed a dread lich
 60391 | Zot:5    | Noticed an ancient lich
 60405 | Zot:5    | Killed an ancient lich
 60414 | Zot:5    | Noticed an ancient lich
 60417 | Zot:5    | Received a gift from Trog
 60440 | Zot:5    | Gained mutation: You are dopey. (Int -2) [an orb of fire]
 60441 | Zot:5    | Killed an orb of fire
 60457 | Zot:5    | Lost intelligence.
 60472 | Zot:5    | Killed an ancient lich
 60852 | Zot:5    | Got the Orb of Zot
 61299 | D:10     | Lost mutation: You are weak. (Str -2) [potion of mutation]
 61299 | D:10     | Lost mutation: You are dopey. (Int -2) [potion of mutation]
 61299 | D:10     | Gained mutation: You passively map a small area around you.
                  | [potion of mutation]
 61300 | D:10     | Lost mutation: You passively map a small area around you.
                  | [potion of mutation]
 61300 | D:10     | Gained mutation: You have sharp toenails. [potion of
                  | mutation]
 61300 | D:10     | Gained mutation: You possess an exceptional clarity of
                  | mind. [potion of mutation]
 61505 | D:$      | Escaped with the Orb!

Illustrated notes

Levels and vault maps discovered:
D:1:      minmay_arrival_shoal_huts, layout_rooms, serial_shops,
          nicolae_shop_statue_plus, chequers_jeans, minmay_close_crescents
D:2:      layout_loops_cross, ebering_ecumenical_altar_mist, basic_altar
D:3:      layout_basic, minmay_misc_feat_hallway, kennysheep_generic_room_15,
          uniq_natasha
D:4:      layout_rooms, minmay_temple_entry_arrows, gammafunk_ghost_mausoleum,
          lightli_sewer_entry_pipes, guppyfry_early_lair_pool
D:5:      layout_rooms, enter_ossuary_4, sigmund_army
D:6:      layout_rooms, pdpol_temple_overflow_zin_treasury_gozag_greed
D:7:      layout_rooms, mainiacjoe_overflow_alcove_2,
          mainiacjoe_overflow_alcove_4, minmay_overflow_temple_star_hex
D:8:      layout_loops_ring, enter_bailey_2
D:9:      minmay_recursive_quarters, layout_loops_corners,
          minmay_lair_entry_grove, corner_web_ring, hangedman_decor_riveting,
          uniq_erolcha, uniq_joseph
D:10:     layout_big_octagon, lemuel_round_altar, mainiacjoe_overflow_alcove_1,
          serial_shops, nicolae_shop_statue_plus, serial_gnoll_camp,
          gnoll_camp_mini_doghouse, gnoll_camp_mini_basic,
          gnoll_camp_mini_house, gnoll_camp_mini_shop, gnoll_camp_mini_basic,
          gnoll_camp_mini_doghouse, ldierk_geyser
D:11:     layout_cave_pools, gammafunk_ghost_nasty_kobolds, slow_altar_1
D:12:     layout_basic
D:13:     layout_stronghold, david_vaults_1, uniq_snorg
D:14:     layout_long_grid, serial_park_avenue1, nicolae_blasting_shop,
          uniq_kirke
D:15:     gammafunk_depths_entry_grave, layout_stronghold, minivault_4,
          minmay_shop_grid_forest, uniq_agnes
Lair:1:   layout_misc_corridors, minivault_24, grunt_forest_stairs_basic,
          nicolae_lair_grazing_beasts [nicolae_sub_lair_graze_edge,
          nicolae_sub_lair_graze_edge, nicolae_sub_lair_graze_edge,
          nicolae_sub_lair_graze_edge], uniq_harold
Lair:2:   gammafunk_cloud_chamber, layout_small_grid, minmay_shoals_entry_hut,
          grunt_megastairs_3
Lair:3:   layout_layer_cave, dummy_spider_entry, chequers_serial_rivers_marsh,
          chequers_serial_rivers_micro_b, eino_house_with_fridge
Lair:4:   layout_regular_city, gauntlet_entry_generic, serial_bayou_lake_a
Lair:5:   cheibrodos_lair_end_hotspot, layout_small_grid, slime_entry_1,
          eino_small_chamber_without_monster
Shoals:1: layout_shoals, nicolae_specific_store,
          nicolae_shoals_spring_well_temple
Shoals:2: layout_shoals
Shoals:3: layout_shoals, uniq_ilsuiw
Shoals:4: shoals_end_simple, layout_shoals, shoals_ilsuiw_ice
Spider:1: layout_cave_pods
Spider:2: layout_spider_delve, drop_trap, nicolae_spider_wall_of_niches,
          uniq_arachne
Spider:3: layout_spider_delve, beargit_elvish_explorers
Spider:4: grunt_spider_rune_circles, nicolae_orb_stairs
Orc:1:    layout_diamond_mine, serial_shops, shop, basic_altar
Orc:2:    st_orc_rangers, layout_diamond_mine, serial_shops, shop, uniq_azrael
Elf:1:    minmay_elf_arrival_summoners, layout_gridlike,
          portal_desolation_entry_nicolae_slug,
          hangedman_elven_crosses_minicolossus
Elf:2:    nicolae_elf_blades_splatter_lattice [nooodl_blade_entry_preview],
          layout_onion_city, hellmonk_ghost_happy_afterlife, guppyfry_elf_lava
Elf:3:    elf_hall, layout_loops_cross
Vaults:1: vaults_standard_mumra_lines, vaults_room_stairs_pillars,
          hangedman_vaults_trim, hangedman_vaults_stitches, v_misc_19,
          grunt_vaults_funnel, ontoclasm_vaults_decontamination, v_misc_15,
          dpeg_vaults_monster_box, nicolae_vaults_network_square,
          layout_vaults_quadrants, nicolae_trove_entry_columns
Vaults:2: gammafunk_ghost_arena, v_pattern_4, v_alt_pattern_5,
          minmay_crypt_entry_simple_box, nicolae_vaults_twisting_passages,
          nicolae_vaults_diagonal_hallway_9, vaults_mumra_lcd, v_rooms_6,
          nicolae_vaults_bisected_slash, vaults_room_mumra_shop_pool,
          v_alt_pattern_6, layout_vaults_maze_snakey, uniq_margery
Vaults:3: nicolae_vaults_mini_display_case, hangedman_vaults_nails,
          hangedman_vaults_variations, v_misc_17, nicolae_vaults_little_ls,
          v_misc_4, v_alt_pattern_1, nicolae_vaults_little_squares_5,
          vaults_room_octagon, dpeg_vaults_waves, not_door_vault_mu,
          nicolae_vaults_asterisk, v_misc_32, vaults_dpeg_encased_lava,
          layout_vaults_omnibox, uniq_jory, uniq_sojobo
Vaults:4: hangedman_vaults_slither, st_squares, nicolae_vaults_network_barrier,
          vaults_dpeg_cross, v_misc_2, vaults_dpeg_hooks,
          grunt_vaults_hallway_short, ontoclasm_vaults_chip,
          hangedman_vaults_slice, grunt_vaults_hallway_short,
          ontoclasm_vaults_twist, nicolae_vaults_rhombus_6,
          layout_vaults_omnicross
Vaults:5
Crypt:1:  layout_misc_corridors, minivault_11, st_stairs_3,
          minmay_misc_feat_cross, lemuel_upstairs_altar
Depths:1: layout_gridville, pan_entry, pf_dread_powers_of_hell,
          minmay_misc_feat_more_columns, minmay_misc_feat_columns,
          minmay_mirror_moons_of_madness
Depths:2: minmay_complete_graph, layout_gridlike, nicolae_ru_path_of_blood,
          grunt_hell_entry_dis_grunt, pan_entry,
          hangedman_abyss_or_decor_clamps, minmay_staircase_bubble
Depths:3: minmay_the_grid_3x3 [minmay_the_grid_doors, minmay_the_grid_tree,
          minmay_the_grid_plusring, minmay_the_grid_minigrid_medium,
          minmay_the_grid_gridbox, minmay_the_grid_tiny_cups,
          minmay_the_grid_mess, minmay_the_grid_expand,
          minmay_the_grid_prize_shrinking_boxes], layout_honeycomb,
          lightli_too_deep, abyss_entry, elyvilon_altar_1, serial_bayou_shore_b,
          uniq_boris, uniq_vv
Depths:4: evilmike_zot_entry_hall, layout_cave_pools, enter_ziggurat_f,
          mu_enter_wizlab_3, nicolae_twisting_strands, rand_demon_pan_entry_3,
          hellmouth_1, chequers_serial_rivers_small_a
Zot:1:    grunt_zot_stairs_faceoff, layout_gridlike, drop_trap, zot_minivault_1
Zot:2:    layout_twisted_circle, grunt_ministairs_13, st_stairs_7
Zot:3:    layout_cathedral_of_symmetry, st_stairs_10
Zot:4:    layout_cathedral_of_symmetry
Zot:5:    layout_basic, st_stairs_7, drop_trap

Skill      XL: |  1  2  3  4  5  6  7  8  9 10 11 12 13 14 15 16 17 18 19 20 21 22 23 24 25 26 27 |
---------------+----------------------------------------------------------------------------------+-----
Unarmed Combat | 4 5 6 8 10 12 13 15 17 18 20 21 22 23 24 25 26 27 | 27.0
Fighting       | 3 11 12 13 14 15 16 17 18 19 20 22 23 24 | 24.5
Throwing       | 1 2 3 4 5 7 8 10 11 12 16 17 18 | 18.0
Armour         | 1 4 6 8 9 11 12 13 14 15 16 17 | 17.4
Dodging        | 4 |  4.6
Shields        | 6 11 14 15 16 17 | 17.5

Action                   |  1- 3 |  4- 6 |  7- 9 | 10-12 | 13-15 | 16-18 | 19-21 | 22-24 | 25-27 || total
-------------------------+-------+-------+-------+-------+-------+-------+-------+-------+-------++-------
Melee: Unarmed           |   124 |    99 |   309 |   557 |  1117 |  1208 |  1133 |  1708 |  1359 ||  7614
       Punch             |       |     3 |    11 |    44 |   118 |   129 |   202 |    34 |       ||   541
       Kick              |       |       |       |       |       |       |       |       |     3 ||     3
Throw: Large rock        |       |       |       |     3 |       |     6 |       |       |    79 ||    88
       Javelin           |       |       |       |     2 |    23 |    42 |     1 |    12 |    11 ||    91
       Boomerang         |       |       |       |       |       |       |     6 |   147 |     3 ||   156
Invok: Berserk           |       |       |     2 |     8 |     8 |     3 |       |       |     1 ||    22
       Trog's Hand       |       |       |     3 |     3 |     7 |    13 |    17 |    19 |    19 ||    81
       Brothers in Arms  |       |       |       |     4 |     9 |     7 |     2 |     4 |    11 ||    37
Evoke: Wand              |       |       |       |       |    10 |     4 |     9 |     1 |     4 ||    28
  Use: Scroll            |       |     5 |    23 |     3 |    11 |    20 |     9 |     9 |    18 ||    98
       Potion            |       |     1 |       |       |     1 |    10 |     2 |     5 |    20 ||    39
 Stab: Sleeping          |     1 |     2 |     4 |     1 |       |       |       |       |       ||     8
       Distracted        |       |       |       |       |     1 |       |       |     1 |       ||     2
Armor: Animal skin       |    35 |    23 |    72 |       |       |       |       |       |       ||   130
       Steam dragon scal |       |       |       |   167 |    58 |       |       |       |       ||   225
       Storm dragon scal |       |       |       |       |   561 |   760 |   571 |   589 |   404 ||  2885
       Skin              |       |       |       |       |       |       |       |       |     2 ||     2
Dodge: Dodged            |    52 |    31 |   130 |   243 |   388 |   455 |   500 |   434 |   317 ||  2550
Block: Other             |       |       |       |       |       |   204 |   173 |    17 |       ||   394
       Reflection        |       |       |       |       |       |     6 |    15 |    26 |    31 ||    78
       Kite shield       |       |       |       |       |       |       |       |   995 |   264 ||  1259
       Tower shield      |       |       |       |       |       |       |       |       |   997 ||   997

Table legend: (Time is in decaauts)
 A = Elapsed time spent in this place.
 B = Non-inter-level travel time spent in this place.
 C = Inter-level travel time spent in this place.
 D = Time resting spent in this place.
 E = Time spent auto-exploring this place.
 F = Levels seen in this place.
 G = Mean time per level.
                   A        B        C        D        E       F      G
               +--------+--------+--------+--------+--------+-----+--------+
         Total |  59202 |  51414 |   7788 |   6153 |  31123 |  56 | 1057.2 |
       Dungeon |  15472 |  12314 |   3158 |   1000 |   8385 |  15 | 1031.5 |
          Lair |   6617 |   5395 |   1222 |    351 |   3856 |   5 | 1323.4 |
        Shoals |   3558 |   3156 |    402 |    426 |   1899 |   4 |  889.5 |
   Spider Nest |   4138 |   3877 |    261 |    854 |   1959 |   4 | 1034.5 |
  Orcish Mines |   1453 |   1273 |    180 |    115 |    817 |   2 |  726.5 |
   Elven Halls |   4482 |   4060 |    422 |    961 |   2053 |   3 | 1494.0 |
        Vaults |   8084 |   7282 |    802 |    754 |   4279 |   5 | 1616.8 |
         Crypt |     26 |     17 |      9 |      0 |      5 |   1 |   26.0 |
        Depths |   5829 |   5042 |    787 |    422 |   3110 |   4 | 1457.2 |
           Zot |   7189 |   6648 |    541 |    987 |   3774 |   5 | 1437.8 |
         Abyss |    270 |    270 |      0 |      7 |    145 |   1 |  270.0 |
         Trove |     45 |     45 |      0 |      0 |     15 |   1 |   45.0 |
         Sewer |    237 |    237 |      0 |      0 |    116 |   1 |  237.0 |
       Ossuary |    326 |    326 |      0 |     39 |    160 |   1 |  326.0 |
        Bailey |    349 |    349 |      0 |     75 |    121 |   1 |  349.0 |
        Wizlab |    604 |    604 |      0 |     89 |    287 |   1 |  604.0 |
    Desolation |    201 |    201 |      0 |      7 |     36 |   1 |  201.0 |
      Gauntlet |    316 |    316 |      0 |     62 |    105 |   1 |  316.0 |
               +--------+--------+--------+--------+--------+-----+--------+

Top non-repeatable levels by time:
Vaults:1: 1963 daAuts
   Elf:2: 1894 daAuts
     D:9: 1866 daAuts
   Zot:1: 1743 daAuts
Vaults:5: 1701 daAuts
Depths:3: 1672 daAuts
   Zot:5: 1670 daAuts
    D:13: 1650 daAuts
Vaults:3: 1630 daAuts
   Elf:3: 1584 daAuts
  Lair:5: 1578 daAuts
Depths:2: 1548 daAuts
    D:15: 1540 daAuts
  Lair:2: 1498 daAuts
Depths:4: 1485 daAuts
